 Seeded DCSS version 0.29.1 (webtiles) character file.

Game seed: 15342986624498160732 (custom seed)

108772 mathmaestro the Lord of Darkness (level 16, 126/126 HPs)
             Began as a Demonspawn Necromancer on Sept 12, 2022.
             Was the Champion of Kikubaaqudgha.
             Quit the game on level 15 of the Dungeon.
             The game lasted 01:33:01 (29273 turns).

mathmaestro the Lord of Darkness (DsNe)            Turns: 29273, Time: 01:33:02

Health: 126/126    AC: 21    Str: 10    XL:     16   Next: 3%
Magic:  30/30      EV: 11    Int: 23    God:    Kikubaaqudgha [******]
Gold:   1719       SH: 12    Dex: 14    Spells: 6/36 levels left

rFire   . . .      SeeInvis .   O - staff of death
rCold   . . .      Faith    .   t - +2 buckler {reflect}
rNeg    + . .      Spirit   .   Y - +0 swamp dragon scales
rPois   +          Reflect  +   l - +2 hat
rElec   .          Harm     .   v - +2 cloak
rCorr   .          Rampage  .   w - +2 pair of gloves {hurl}
Will    ++...                   (no boots)
Stlth   ++........              e - amulet of reflection
HPRegen 0.31/turn               u - +4 ring of slaying
MPRegen 0.22/turn               A - ring of willpower

@: studying Throwing
A: hooves 2, foul stench 1, powered by death 3, sharp scales 3
a: Renounce Religion, Unearth Wretches, Torment


You were on level 15 of the Dungeon.
You worshipped Kikubaaqudgha.
Kikubaaqudgha was exalted by your worship.
You visited 3 branches of the dungeon, and saw 22 of its levels.
You also visited: Sewer and Bailey.

You collected 3086 gold pieces.
You spent 1367 gold pieces at shops.

Inventory:

Missiles
 c - 2 javelins
 r - 3 silver boomerangs
Armour
 l - a +2 hat (worn)
 o - the +3 buckler of the Meager Albatross {rC++ Int-3 SInv Stlth+}
   (You bought it in a shop on level 13 of the Dungeon)

   Int:       It affects your intelligence (-3).
   rC:        It greatly protects you from cold.
   SInv:      It lets you see invisible.
   Stlth:     It makes you more stealthy.
 t - a +2 buckler of reflection (worn)
 v - a +2 cloak (worn)
 w - a +2 pair of gloves of hurling (worn)
 Y - +0 swamp dragon scales (worn)
Magical Staves
 O - a staff of death (weapon)
Jewellery
 e - an amulet of reflection (around neck)
 f - a ring of protection from cold
 i - a ring of positive energy
 u - a +4 ring of slaying (left hand)
 A - a ring of willpower (right hand)
 D - a ring of see invisible
Wands
 j - a wand of polymorph (21)
 n - a wand of mindburst (14)
 y - a wand of roots (13)
 C - a wand of paralysis (35)
 I - a wand of acid (5)
 L - a wand of digging (4)
Scrolls
 a - 2 scrolls of blinking
 g - 5 scrolls of fear
 k - 3 scrolls of butterflies
 G - 3 scrolls of summoning
 J - 10 scrolls of teleportation
 N - 3 scrolls of magic mapping
 P - 13 scrolls of identify
 Q - 4 scrolls of vulnerability
 U - 3 scrolls of poison
 W - a scroll of silence
Potions
 b - 3 potions of magic
 d - 4 potions of resistance
 h - 3 potions of invisibility
 m - 6 potions of haste
 p - 3 potions of flight
 q - 3 potions of ambrosia
 s - 5 potions of cancellation
 x - 3 potions of lignification
 z - 10 potions of heal wounds
 B - 8 potions of curing
 H - 7 potions of might
 M - 6 potions of mutation
 S - 5 potions of brilliance
 X - a potion of berserk rage
Miscellaneous
 E - a condenser vane


   Skills:
 + Level 11.5 Fighting
 * Level 6.8 Staves
 - Level 5.0 Throwing
 + Level 9.2 Armour
 - Level 5.0 Dodging
 - Level 5.0 Stealth
 - Level 5.0 Shields
 + Level 10.8 Spellcasting
 - Level 6.0 Hexes
 + Level 13.3 Necromancy
 + Level 1.2 Translocations
 + Level 6.2 Ice Magic
 - Level 6.0 Earth Magic
 - Level 10.0 Evocations


You had 6 spell levels left.
You knew the following spells:

 Your Spells              Type           Power      Damage    Failure   Level
a - Necrotise             Necr           100%       1d9       1%          1
b - Vampiric Draining     Necr           84%        2d12      1%          3
c - Animate Dead          Necr           84%        N/A       1%          4
d - Sublimation of Blood  Necr           84%        N/A       1%          2
e - Anguish               Hex/Necr       35%        N/A       2%          4
f - Borgnjor's Vile Clut  Necr/Erth      35%        N/A       8%          5
g - Dispel Undead         Necr           84%        3d27      1%          4
h - Simulacrum            Ice/Necr       36%        N/A       36%         6
i - Apportation           Tloc           36%        N/A       9%          1

Your spell library contained the following spells:

 Spells                   Type           Power      Damage    Failure   Level
 Agony                    Necr           84%        N/A       1%          5
 Death Channel            Necr           42%        N/A       10%         6
 Inner Flame              Hex/Fire       26%        N/A       13%         3
 Beastly Appendage        Tmut           24%        N/A       14%         1
 Foxfire                  Conj/Fire      48%        2x1d6     14%         1
 Magic Dart               Conj           48%        1d5       14%         1
 Summon Small Mammal      Summ           48%        N/A       14%         1
 Call Imp                 Summ           12%        N/A       22%         2
 Wereblood                Tmut           12%        N/A       22%         2
 Lee's Rapid Deconstruct  Erth           20%        3d13*     34%         5
 Hailstorm                Conj/Ice       26%        3d7       36%         4
 Ice Form                 Ice/Tmut       26%        N/A       36%         4
 Animate Armour           Summ/Erth      52%        N/A       38%         4
 Fulminant Prism          Conj/Hex       13%        3d9       38%         4
 Petrify                  Tmut/Erth      26%        N/A       38%         4
 Call Canine Familiar     Summ           12%        N/A       41%         3
 Conjure Flame            Conj/Fire      12%        6-21      41%         3
 Ignite Poison            Fire/Tmut/Pois 12%        N/A       41%         3
 Mephitic Cloud           Conj/Pois/Air  12%        N/A       41%         3
 Spider Form              Tmut/Pois      12%        N/A       41%         3
 Iskenderun's Mystic Bla  Conj/Tloc      15%        2d5       73%         4
 Flame Wave               Conj/Fire      12%        2d6       82%         4
 Sticky Flame             Conj/Fire      12%        2d4       82%         4
 Alistair's Intoxication  Tmut/Pois      8%         N/A       99%         5
 Blade Hands              Tmut           6%         N/A       99%         5
 Irradiate                Conj/Tmut      6%         3d13      99%         5
 Eringya's Noxious Bog    Tmut/Pois      6%         N/A       100%        6
 Iron Shot                Conj/Erth      13%        9d3       100%        6
 Borgnjor's Revivificati  Necr           42%        N/A       99%         8
 Infestation              Necr           42%        N/A       99%         8
 Haunt                    Necr/Summ      29%        N/A       100%        7
 Necromutation            Tmut/Necr      29%        N/A       100%        8
 Death's Door             Necr           42%        N/A       100%        9


Dungeon Overview and Level Annotations

Branches:
Dungeon (15/15)            Temple (0/1) D:7            Lair (5/5) D:8
 Shoals (0/4) Lair:2        Snake (0/4) Lair:2        Slime (0/5) Lair:4
    Orc (2/2) D:11            Elf (0/3) Orc:2        Vaults (0/5) D:14
 Depths (0/4) D:15          Sewer (visited)          Bailey (visited)

Altars:
Cheibriados
Kikubaaqudgha
Nemelex Xobeh
Qazlal
Sif Muna
Vehumet
Wu Jian
Xom

Shops:
D:4 ?[!*   D:7 *   D:13 [   Orc:2 ([[*

Annotations:
D:7 2 transporters
Orc:2 1 runed translucent door, exclusion: 4 orange crystal statues


Innate Abilities, Weirdness & Mutations

You have hoof-like feet.
You may rarely emit foul miasma when damaged in melee.
You regenerate a lot of health from kills.
You are completely covered in razor-sharp scales. (AC +3, Slay +3)


Message History

You block the green ugly thing's attack.
You block the cyan ugly thing's attack.
Your two-headed ogre zombie barely misses the green ugly thing. x2
You hit the cyan ugly thing.
The cyan ugly thing writhes in agony!
Your kick misses the cyan ugly thing.
The cyan ugly thing is severely wounded.
The green ugly thing headbutts you.
The green ugly thing is wracked by anguish.
The cyan ugly thing barely misses you.
Your magical contamination has completely faded away.
You hit the cyan ugly thing.
The cyan ugly thing writhes in agony!
You kill the cyan ugly thing!
Kikubaaqudgha accepts your kill. The green ugly thing headbutts you.
The green ugly thing is wracked by anguish.
Your two-headed ogre zombie barely misses the green ugly thing.
Your two-headed ogre zombie closely misses the green ugly thing.
You swap places.
You block the green ugly thing's attack.
Your two-headed ogre zombie hits the green ugly thing.
Your two-headed ogre zombie hits the green ugly thing!
You barely miss the green ugly thing. You kick the green ugly thing.
The green ugly thing is moderately wounded.
You block the green ugly thing's attack.
Your two-headed ogre zombie closely misses the green ugly thing.
Your two-headed ogre zombie hits the green ugly thing!
You hit the green ugly thing!
The green ugly thing writhes in agony!
You kick the green ugly thing!
The green ugly thing is almost dead.
The green ugly thing closely misses you.
Your ogre zombie misses the green ugly thing.
Your two-headed ogre zombie barely misses the green ugly thing.
Your two-headed ogre zombie hits the green ugly thing.
You hit the green ugly thing.
The green ugly thing writhes in agony!!
You kill the green ugly thing!
Kikubaaqudgha accepts your kill.
You start resting.
Magic restored.
You start resting.
HP restored.
Are you sure you want to abandon this character and quit the game? (Confirm with "yes".)

.....[#..##........#
......#..##.............
.........##.............
.........##.............
.........# ..###........#
.........# .# #........#
...†.....# ..# #........#
.........##..# #.Z......#
.............# #@ZZ.....#
.............# #ZZ......#
.............# #ZZ......#
..........#..###..†....(#
..........#.............#
..........#..###........#
.....##...# #........#
.....##.<.# #."......#
..... #...#..# #........#


You could see a friendly ogre zombie, 5 friendly two-headed ogre zombies and a
friendly ogre mage zombie.

Vanquished Creatures
  Gastronok (D:11)
  A dire elephant (Lair:5)
  Snorg (D:11)
  Josephine (D:11)
  3 vault guards (D:14)
  A boulder beetle (D:15)
  9 hydras
  An ogre mage (D:15)
  Erolcha (D:11)
  A catoblepas (D:15)
  A death knight (D:14)
  3 two-headed ogres (D:15)
  3 death yaks (D:8)
  5 centaur warriors
  A tengu warrior (D:14)
  2 orc high priests (Orc:2)
  A fire crab (Lair:4)
  A skeletal warrior (D:14)
  A glowing orange brain (D:13)
  6 orc knights
  An orb spider (shapeshifter) (D:13)
  7 orc sorcerers
  9 ugly things
  A deep elf pyromancer (D:12)
  A salamander (shapeshifter) (D:15)
  6 cyclopes
  5 manticores
  7 elephants (Lair:1)
  A vault sentinel (D:7)
  An ice statue (Lair:2)
  5 black mambas
  A gargoyle (D:10)
  An unseen horror (D:13)
  4 kobold demonologists
  7 cane toads
  13 komodo dragons
  An efreet (D:13)
  A yaktaur (shapeshifter) (D:13)
  A freezing wraith (D:14)
  3 rime drakes
  2 meliai (D:14)
  7 polar bears (Lair:5)
  5 trolls
  A wind drake (shapeshifter) (D:13)
  7 blink frogs
  2 dream sheep (Lair:3)
  Prince Ribbit (D:8)
  4 slime creatures
  A raiju (Lair:5)
  The ghost of lambentLogic the Sneak, an amateur KoEn (D:4)
  6 wraiths
  A water elemental (D:15)
  39 yaks
  4 basilisks
  5 wyverns
  4 humans (D:14)
  A neqoxec (D:13)
  2 steam dragons
  8 vampire mosquitoes
  6 wargs
  6 acid dragons
  13 water moccasins
  3 nagas (Lair:2)
  7 hell hounds (Lair:5)
  Edmund (D:6)
  12 black bears
  A black bear (shapeshifter) (D:15)
  28 orc warriors
  5 ice beasts
  A sky beast (D:7)
  2 swamp drakes (Lair:5)
  23 wolves
  An ogre (D:5)
  8 centaurs
  A phantom (D:5)
  6 kobold brigands
  A necrophage (D:6)
  5 scorpions
  11 bullfrogs
  2 gnoll sergeants (D:12)
  7 wights
  21 killer bees
  2 oklob saplings (D:10)
  2 howler monkeys
  3 electric eels
  2 hounds
  A jelly (D:5)
  13 orc priests
  A gnoll bouda (D:8)
  Jessica (D:3)
  6 iguanas
  14 orc wizards
  4 hell rats (D:8)
  15 gnolls
  13 adders
  3 river rats (D:8)
  2 shadow imps
  4 white imps
  3 worms
  2 dart slugs
  71 orcs
  6 bats
  5 endoplasms
  A giant cockroach (D:2)
  11 hobgoblins
  6 jackals
  25 kobolds
  4 quokkas
  14 ball pythons
  2 frilled lizards
  16 goblins
  8 rats
652 creatures vanquished.

Vanquished Creatures (collateral kills)
  An orc warlord (Orc:2)
  The ghost of smilodon the Basher, a journeyman DsFi of Qazlal (D:13)
  2 two-headed ogres (D:15)
  An orc high priest (Orc:2)
  An orc knight (Orc:1)
  A cyclops (D:12)
  3 ugly things
  A manticore (Lair:5)
  A black mamba (shapeshifter) (D:13)
  2 torpor snails
  An unseen horror (D:12)
  A komodo dragon (Lair:5)
  An ice devil (Lair:2)
  A troll (Orc:1)
  3 polar bears
  A raiju (Lair:5)
  A snapping turtle (Lair:2)
  A blink frog (Lair:3)
  A dream sheep (Lair:3)
  7 yaks
  A fire bat (shapeshifter) (D:13)
  4 humans (D:14)
  A golden eye (shapeshifter) (D:13)
  2 neqoxecs (D:13)
  2 wargs (Lair:5)
  2 water moccasins
  4 hell hounds (Lair:5)
  5 orc warriors
  A black bear (Lair:5)
  2 ice beasts (Lair:2)
  An ogre (D:15)
  A centaur (D:12)
  8 wolves
  4 orc priests
  5 orc wizards
  A gnoll (D:12)
  8 orcs
  A ball python (D:2)
  A goblin (D:8)
86 creatures vanquished.

Vanquished Creatures (others)
  Nessos (Lair:4)
  A fire dragon (Lair:5)
  4 hydras
  Nergalle (D:10)
  A swamp dragon (Lair:5)
  4 orc knights
  A vault sentinel (D:7)
  A hydra zombie (D:12)
  4 meliai
  A troll (D:12)
  A hornet (D:10)
  A blink frog (Lair:3)
  4 yaks
  A human (D:14)
  2 hell hounds (Lair:5)
  2 manticore zombies
  8 orc warriors (Orc:2)
  An ogre (Orc:2)
  A wolf (Lair:5)
  A komodo dragon zombie (Lair:2)
  A cyclops zombie (D:12)
  5 hell hound zombies (Lair:5)
  A water moccasin zombie (Lair:3)
  A yak zombie (D:12)
  5 warg zombies
  8 polar bear zombies (Lair:5)
  3 troll zombies
  A raiju zombie (Lair:5)
  5 wolf zombies
  A centaur zombie (D:12)
  2 bullfrog zombies
  5 black bear zombies (Lair:5)
  4 orc wizards
  An ogre zombie (Orc:2)
  53 orc zombies
  2 orcs
  36 fungi
  84 plants
259 creatures vanquished.

Grand Total: 997 creatures vanquished

Notes
Turn   | Place    | Note
-------+----------+-------------------------------------------
     0 | D:1      | mathmaestro the Demonspawn Necromancer began the quest for
                  | the Orb.
     0 | D:1      | Reached XP level 1. HP: 13/13 MP: 3/3
   296 | D:1      | Found a faded altar of an unknown god.
   525 | D:1      | Gained mutation: You have large cloven feet. [demonic
                  | ancestry]
   525 | D:1      | Reached XP level 2. HP: 17/20 MP: 1/5
  1050 | D:2      | Reached skill level 1 in Fighting
  1249 | D:2      | Gained mutation: You regenerate a little health from kills.
                  | [demonic ancestry]
  1249 | D:2      | Reached XP level 3. HP: 24/26 MP: 4/6
  1253 | D:2      | Learned a level 3 spell: Vampiric Draining
  2412 | D:3      | Gained mutation: You are partially covered in razor-sharp
                  | scales. (AC +1, Slay +1) [demonic ancestry]
  2412 | D:3      | Reached XP level 4. HP: 19/33 MP: 0/8
  2564 | D:3      | Reached skill level 5 in Necromancy
  3092 | D:3      | Found a shimmering blue altar of Sif Muna.
  3169 | D:3      | Noticed Jessica
  3300 | D:3      | Reached skill level 1 in Armour
  3363 | D:3      | Killed Jessica
  3364 | D:3      | Gained mutation: You have hoof-like feet. [demonic
                  | ancestry]
  3364 | D:3      | Reached XP level 5. HP: 38/38 MP: 6/9
  3399 | D:4      | Found a glowing drain.
  3423 | Sewer    | Entered a sewer
  3448 | Sewer    | Learned a level 4 spell: Animate Dead
  3485 | Sewer    | Noticed a water moccasin
  3494 | Sewer    | Killed a water moccasin
  3495 | Sewer    | Reached skill level 1 in Shields
  3752 | D:4      | Found Miginig's Assorted Antiques.
  3760 | D:4      | Bought a shiny buckler for 180 gold pieces
  3804 | D:4      | Gained mutation: You are mostly covered in razor-sharp
                  | scales. (AC +2, Slay +2) [demonic ancestry]
  3804 | D:4      | Reached XP level 6. HP: 45/46 MP: 10/10
  4070 | D:4      | Found a runed translucent door.
  4071 | D:4      | Noticed lambentLogic's ghost (amateur KoEn)
  4082 | D:4      | Found Nuth's Distillery.
  4094 | D:4      | Bought a potion of curing for 36 gold pieces
  4097 | D:4      | Found Qeotwosa's Armour Emporium.
  4124 | D:4      | Bought a +0 pair of gloves for 58 gold pieces
  4133 | D:4      | Found Koyjoituwn's Magic Scroll Shoppe.
  4277 | D:5      | Entered Level 5 of the Dungeon
  4330 | D:5      | Noticed an ice beast
  4340 | D:5      | Killed an ice beast
  4668 | D:5      | Found a sparkling altar of Nemelex Xobeh.
  4668 | D:5      | Found an ancient bone altar of Kikubaaqudgha.
  4669 | D:5      | Found a stormy altar of Qazlal.
  4676 | D:5      | Became a worshipper of Kikubaaqudgha
  4741 | D:5      | Reached XP level 7. HP: 47/52 MP: 8/12
  4751 | D:5      | Reached skill level 1 in Throwing
  4751 | D:5      | Reached skill level 6 in Necromancy
  5246 | D:5      | Found a large runed translucent door.
  5247 | D:5      | Found a large runed translucent door.
  5393 | D:5      | Reached skill level 1 in Evocations
  5393 | D:5      | Gained mutation: You regenerate health from kills. [demonic
                  | ancestry]
  5393 | D:5      | Reached XP level 8. HP: 60/60 MP: 14/14
  5592 | D:5      | Found a snail-covered altar of Cheibriados.
  5604 | D:5      | Found a radiant altar of Vehumet.
  5669 | D:4      | Bought a scroll of blinking for 75 gold pieces
  6220 | D:6      | Noticed Edmund
  6233 | D:6      | Killed Edmund
  6425 | D:6      | Reached * piety under Kikubaaqudgha
  6425 | D:6      | Received a gift from Kikubaaqudgha
  6430 | D:6      | Learned a level 2 spell: Sublimation of Blood
  6435 | D:6      | Learned a level 4 spell: Anguish
  6468 | D:6      | Reached skill level 1 in Hexes
  6823 | D:4      | Killed lambentLogic's ghost
  6824 | D:4      | Reached XP level 9. HP: 64/66 MP: 16/16
  6861 | D:4      | Bought a scroll of teleportation for 30 gold pieces
  7112 | D:7      | Found Lozoupa's Lightly-Used Armoury.
  7139 | D:7      | Reached skill level 7 in Necromancy
  7277 | D:7      | Noticed a vault sentinel
  7277 | D:7      | Noticed a vault sentinel
  7408 | D:7      | Killed a vault sentinel
  7409 | D:7      | Reached skill level 5 in Fighting
  7409 | D:7      | Reached skill level 5 in Spellcasting
  7414 | D:7      | Reached ** piety under Kikubaaqudgha
  7420 | D:7      | Killed a vault sentinel
  7677 | D:7      | Found the +18 shield of the Gong {rElec rN+ Will+ EV-5}
  7802 | D:7      | Found a transporter.
  7804 | D:7      | Noticed an ogre mage
  8028 | D:7      | Found a staircase to the Ecumenical Temple.
  8140 | D:7      | Found a transporter.
  8327 | D:4      | Bought a scroll labelled TOD XYHIPI for 24 gold pieces
  8337 | D:4      | Identified a scroll of acquirement
  8337 | D:4      | Acquired an amulet of reflection
  8358 | D:4      | Bought a potion of lignification for 36 gold pieces
  8575 | D:8      | Noticed Prince Ribbit
  8608 | D:8      | Killed Prince Ribbit
  8610 | D:8      | Found a flagged portal.
  8651 | Bailey   | Entered a bailey
  8722 | Bailey   | Reached XP level 10. HP: 51/74 MP: 8/18
  8834 | Bailey   | Reached skill level 5 in Throwing
  8834 | Bailey   | Reached skill level 5 in Armour
  8834 | Bailey   | Reached skill level 5 in Shields
  8834 | Bailey   | Reached skill level 5 in Hexes
  8834 | Bailey   | Reached skill level 8 in Necromancy
  8834 | Bailey   | Reached skill level 5 in Evocations
  8834 | Bailey   | Reached XP level 11. HP: 83/83 MP: 18/20
  8850 | Bailey   | Noticed an orc knight
  8865 | Bailey   | Killed an orc knight
  9091 | Bailey   | Noticed an orc knight
  9117 | Bailey   | Killed an orc knight
  9342 | D:8      | Noticed a death yak
  9362 | D:8      | Killed a death yak
  9385 | D:8      | Reached skill level 9 in Necromancy
  9475 | D:8      | Reached *** piety under Kikubaaqudgha
  9475 | D:8      | Received a gift from Kikubaaqudgha
  9488 | D:8      | Learned a level 5 spell: Borgnjor's Vile Clutch
  9511 | D:8      | Noticed a death yak
  9513 | D:8      | Noticed a death yak
  9527 | D:8      | Killed a death yak
  9531 | D:8      | Killed a death yak
  9532 | D:8      | Reached skill level 1 in Earth Magic
  9698 | D:8      | Found a staircase to the Lair.
 10527 | D:4      | Bought a scroll of amnesia for 40 gold pieces
 10527 | D:4      | Bought a scroll of noise for 10 gold pieces
 10528 | D:4      | Bought a scroll of magic mapping for 75 gold pieces
 10528 | D:4      | Bought a scroll of identify for 20 gold pieces
 10528 | D:4      | Bought a scroll of identify for 20 gold pieces
 10685 | D:9      | Reached skill level 5 in Stealth
 10715 | D:9      | Reached **** piety under Kikubaaqudgha
 10848 | D:9      | Learned a level 4 spell: Dispel Undead
 11663 | D:10     | Entered Level 10 of the Dungeon
 11828 | D:10     | Identified the +5 chain mail "Dubu" {*Slow rN+ Will+}
 11838 | D:10     | Identified the +12 quarterstaff of Butchery {flame, rC+
                  | Int+2}
 12013 | D:10     | Noticed Nergalle
 12025 | D:10     | Noticed a sixfirhy
 12026 | D:10     | Gained mutation: You are completely covered in razor-sharp
                  | scales. (AC +3, Slay +3) [demonic ancestry]
 12026 | D:10     | Reached XP level 12. HP: 86/91 MP: 13/22
 12032 | D:10     | Killed Nergalle
 12071 | D:10     | Identified the +3 scale mail of Imar {rF- rN+ Int+4}
 12254 | D:10     | Reached ***** piety under Kikubaaqudgha
 12383 | D:10     | Found an ornate altar of the Wu Jian Council.
 12736 | D:10     | Got the Compendium of Nature
 12979 | Lair:1   | Entered Level 1 of the Lair of Beasts
 13264 | Lair:1   | Reached skill level 10 in Necromancy
 13398 | Lair:1   | You fall into a shaft and drop 1 floor!
 13714 | Lair:1   | Reached skill level 5 in Dodging
 14662 | D:4      | Bought a scroll of identify for 48 gold pieces
 14662 | D:4      | Bought a scroll of identify for 48 gold pieces
 14675 | D:4      | Bought a potion of curing for 36 gold pieces
 14696 | D:4      | Bought a scroll of teleportation for 30 gold pieces
 14900 | Lair:2   | Found a staircase to the Snake Pit.
 15023 | Lair:2   | Reached XP level 13. HP: 88/99 MP: 17/25
 15100 | Lair:2   | Found a staircase to the Shoals.
 16074 | Lair:3   | Reached skill level 5 in Earth Magic
 16074 | Lair:3   | Reached ****** piety under Kikubaaqudgha
 16214 | Lair:3   | Reached skill level 11 in Necromancy
 16837 | Lair:3   | Learned a level 6 spell: Simulacrum
 17107 | Lair:4   | Identified the +6 war axe "Eqiutrem" {flame, Will+}
 17170 | Lair:4   | Found a staircase to the Slime Pits.
 17290 | Lair:4   | Reached skill level 1 in Ice Magic
 17534 | Lair:4   | Noticed Nessos
 17540 | Lair:4   | Killed Nessos
 17844 | Lair:5   | Entered Level 5 of the Lair of Beasts
 18549 | Lair:5   | Noticed a dire elephant
 18574 | Lair:5   | Killed a dire elephant
 18741 | Lair:5   | Reached XP level 14. HP: 109/109 MP: 10/27
 19222 | Lair:5   | Reached skill level 10 in Fighting
 20114 | Lair:5   | Reached skill level 12 in Necromancy
 21055 | D:11     | Found a staircase to the Orcish Mines.
 21148 | D:11     | Noticed Snorg
 21161 | D:11     | Killed Snorg
 21333 | D:11     | Noticed Erolcha
 21355 | D:11     | Killed Erolcha
 21598 | D:11     | Noticed Josephine
 21602 | D:11     | Reached skill level 1 in Staves
 21612 | D:11     | Killed Josephine
 21829 | D:11     | Noticed Gastronok
 21839 | D:11     | Killed Gastronok
 24052 | D:13     | Identified the +10 scale mail "Gilituom" {rPois rC+ Regen+
                  | MP-9}
 24497 | D:13     | Found Noluku's Antique Armour Boutique.
 24506 | D:13     | Bought a spiked buckler for 218 gold pieces
 24506 | D:13     | Identified the +3 buckler of the Meager Albatross {rC++
                  | Int-3 SInv Stlth+} (You bought it in a shop on level 13 of
                  | the Dungeon)
 24506 | D:13     | Bought a bloodstained leather armour for 161 gold pieces
 24506 | D:13     | Identified the +1 leather armour "Vuxipiaz" {rElec} (You
                  | bought it in a shop on level 13 of the Dungeon)
 24620 | D:13     | Found a runed translucent gate.
 24621 | D:13     | Found a runed translucent gate.
 24621 | D:13     | Found a runed translucent gate.
 24658 | D:13     | Noticed a broodmother
 24658 | D:13     | a slime creature changed into a broodmother
 24659 | D:13     | a broodmother changed into a slime creature
 24740 | Orc:1    | Entered Level 1 of the Orcish Mines
 24765 | Orc:1    | Reached skill level 10 in Spellcasting
 24765 | Orc:1    | Gained mutation: You regenerate a lot of health from kills.
                  | [demonic ancestry]
 24765 | Orc:1    | Reached XP level 15. HP: 96/117 MP: 12/29
 25023 | Orc:2    | Entered Level 2 of the Orcish Mines
 25032 | Orc:2    | Reached skill level 10 in Evocations
 25173 | Orc:2    | Found a runed translucent door.
 25180 | Orc:2    | Found the +10 tower shield of Ignorance {rN+ Int-4}
 25303 | Orc:1    | Reached skill level 5 in Ice Magic
 25586 | Orc:2    | Found a staircase to the Elven Halls.
 25603 | Orc:2    | Noticed an orc warlord
 25618 | Orc:2    | Killed an orc warlord
 25870 | Orc:2    | Found a runed translucent door.
 25936 | Orc:2    | Reached skill level 5 in Staves
 26058 | Orc:2    | Found Kicryca's General Store.
 26058 | Orc:2    | Found Moculuty's Weapon Shoppe.
 26060 | Orc:2    | Found Tosasteuky's Antique Armour Boutique.
 26060 | Orc:2    | Found Telyk's Armour Shoppe.
 26070 | Orc:2    | Bought a +2 buckler of reflection for 222 gold pieces
 26652 | D:13     | Found a runed translucent gate.
 26652 | D:13     | Found a runed translucent gate.
 26748 | D:13     | Noticed smilodon's ghost (journeyman DsFi)
 26748 | D:13     | Found a runed translucent gate.
 26778 | D:13     | Killed smilodon's ghost
 26805 | D:13     | Learned a level 1 spell: Apportation
 26923 | D:14     | Reached skill level 13 in Necromancy
 27368 | D:14     | Found a shimmering altar of Xom.
 27371 | D:14     | You fall into a shaft and drop 1 floor!
 27371 | D:15     | Entered Level 15 of the Dungeon
 28494 | D:14     | Found a gate to the Vaults.
 28658 | D:14     | Received a gift from Kikubaaqudgha
 28675 | D:15     | Noticed a fire giant
 28679 | D:15     | Found a staircase to the Depths.
 29110 | D:15     | Identified the +1 tower shield "Xicuesycw" {rCorr}
 29149 | D:15     | Reached skill level 1 in Translocations
 29237 | D:15     | Gained mutation: You may rarely emit foul miasma when
                  | damaged in melee. [demonic ancestry]
 29237 | D:15     | Reached XP level 16. HP: 82/126 MP: 22/30
 29273 | D:15     | Quit the game

Illustrated notes

Levels and vault maps discovered:
D:1:      wander_arrival_peaceful_grave, layout_basic,
          hellmonk_ecumenical_altar_run_dry
D:2:      layout_basic, hangedman_decor_riveting
D:3:      cheibrodos_greedy_goblins, layout_loops_ring, led_sif_pool,
          uniq_jessica
D:4:      layout_rooms, serial_shops, shop, shop, shop, nicolae_shop_stone,
          hellmonk_ghost_happy_afterlife, portal_sewer_entry_a
D:5:      layout_basic, gammafunk_temple_overflow_claw, jmf_multi_god_temple2,
          minmay_tree_intersection, sigmund_army
D:6:      layout_loops_cross, uniq_edmund
D:7:      gammafunk_beogh_shrine, layout_basic,
          minmay_temple_entry_drinking_statues, minmay_shop_damaged,
          hellmonk_guarded_unrand_gong
D:8:      layout_loops_corners, dpeg_lair_monsters, enter_bailey_3,
          uniq_prince_ribbit1
D:9:      layout_grid_maze, grunt_ministairs_12, chequers_serial_rivers_small_a
D:10:     layout_loops_ring, nicolae_overflow_hidden_temple,
          kennysheep_another_room, introduction_to_nature_1, uniq_nergalle
D:11:     layout_gridville, orc_0_dummy, lemuel_flamethrower_2, uniq_josephine,
          uniq_erolcha, uniq_gastronok, uniq_snorg
D:12:     layout_small_grid, minmay_pinched_square
D:13:     layout_rooms, serial_shops, nicolae_shop_crystal,
          ploomutoo_gammafunk_ghost_potion_laboratory,
          chequers_serial_rivers_micro_c, nicolae_fountain_basement
D:14:     layout_rooms, ximxim_vaults_locker_room, lemuel_crystal_altar,
          drop_trap
D:15:     grunt_enter_depths_giant_problem, layout_long_grid, serial_shops,
          nicolae_shop_behind_doors, minmay_misc_feat_diagonals, minivault_14,
          led_xom_imps
Lair:1:   layout_gridlike, serial_forest, infiniplex_forest_clump_medium,
          infiniplex_forest_clump_diagonal, infiniplex_forest_clump_large,
          infiniplex_forest_lined_room_2, infiniplex_forest_clump_tiny,
          infiniplex_forest_clump_small, infiniplex_forest_clump_medium,
          beast_lair_carwin_6
Lair:2:   layout_misc_corridors, minmay_shoals_entry_hut,
          minmay_snake_entry_guardpost_small, ice2_lemuel
Lair:3:   layout_misc_corridors, fungi_pond_lemuel
Lair:4:   layout_hall_layers, dpeg_slime_entry_enclosed,
          nicolae_quartered_pool_medium, uniq_nessos
Lair:5:   hangedman_lair_caniforms_friends, layout_cave_pods,
          guppyfry_lair_end_dragon
Orc:1:    layout_caves
Orc:2:    grunt_orc_tribal_feast, layout_diamond_mine,
          chequers_guarded_unrand_ignorance

Skill      XL: |  1  2  3  4  5  6  7  8  9 10 11 12 13 14 15 |
---------------+----------------------------------------------+-----
Stealth        | 2 3 5 |  5.0
Dodging        | 2 3 5 |  5.0
Fighting       | 1 2 3 4 5 6 7 8 9 10 11 | 11.5
Necromancy     | 5 6 7 8 9 10 11 12 13 | 13.3
Armour         | 1 2 3 4 5 6 7 8 9 |  9.2
Shields        | 1 2 3 4 5 |  5.0
Spellcasting   | 3 4 5 6 7 8 9 10 | 10.8
Throwing       | 1 2 3 5 |  5.0
Evocations     | 1 2 3 5 6 7 8 9 10 | 10.0
Hexes          | 1 4 5 6 |  6.0
Earth Magic    | 2 4 6 |  6.0
Ice Magic      | 2 4 6 |  6.2
Staves         | 3 6 |  6.8
Translocations | 1 |  1.2

Action                   |  1- 3 |  4- 6 |  7- 9 | 10-12 | 13-15 | 16-18 || total
-------------------------+-------+-------+-------+-------+-------+-------++-------
Melee: Dagger            |    40 |   100 |   185 |   471 |   278 |       ||  1074
       Kick              |     9 |    18 |    64 |   196 |   284 |     3 ||   574
       Club              |     1 |       |       |       |       |       ||     1
       Staff             |       |       |       |       |   429 |     6 ||   435
 Cast: Necrotise         |    44 |    44 |    32 |    16 |    24 |       ||   160
       Vampiric Draining |       |     1 |    11 |    32 |    51 |       ||    95
       Anguish           |       |       |     5 |    16 |    54 |       ||    75
       Dispel Undead     |       |       |       |     5 |    20 |       ||    25
       Borgnjor's Vile C |       |       |       |    10 |    84 |       ||    94
       Animate Dead      |       |       |       |     1 |    11 |       ||    12
       Sublimation of Bl |       |       |       |       |     7 |       ||     7
       Apportation       |       |       |       |       |     3 |       ||     3
Invok: Receive Forbidden |       |       |       |       |     1 |       ||     1
Evoke: Wand              |       |       |     1 |     4 |     4 |       ||     9
  Use: Potion            |       |     2 |       |     1 |     4 |       ||     7
       Scroll            |       |       |    13 |     8 |     4 |       ||    25
 Stab: Sleeping          |     6 |       |     2 |     4 |     4 |       ||    16
       Distracted        |       |     1 |       |       |     7 |       ||     8
       Confused          |       |       |       |       |     1 |       ||     1
Armor: Robe              |    15 |    38 |    13 |       |       |       ||    66
       Leather armour    |       |       |    46 |       |       |       ||    46
       Steam dragon scal |       |       |    38 |   163 |   152 |       ||   353
       Swamp dragon scal |       |       |       |       |   334 |       ||   334
Dodge: Dodged            |    44 |    58 |   130 |   241 |   514 |     2 ||   989
Block: Buckler           |       |    15 |    67 |   317 |   674 |     4 ||  1077
       Reflection        |       |       |       |     2 |    20 |       ||    22
